 Dungeon Crawl Stone Soup version 0.21-a0-352-g5b8f553 (webtiles) character file.

559 tidbits the Insei (level 7, 0/52 HPs)
             Began as a Gnoll Transmuter on Oct 10, 2017.
             Succumbed to a scorpion's poison
             ... on level 6 of the Dungeon.
             The game lasted 00:06:44 (980 turns).

tidbits the Insei (Gnoll Transmuter)                 Turns: 980, Time: 00:06:45

Health: 0/52       AC:  2    Str: 20    XL:     7   Next: 31%
Magic:  3/15       EV: 24    Int: 17    God:
Gold:   28         SH:  0    Dex: 20    Spells: 11/17 levels left

rFire    . . .     SeeInvis .     - Unarmed
rCold    . . .     Gourm    .   (shield currently unavailable)
rNeg     . . .     Faith    .   (armour currently unavailable)
rPois    x         Spirit   .   (helmet currently unavailable)
rElec    .         Reflect  .   (cloak currently unavailable)
rCorr    .         Harm     .   (gloves currently unavailable)
MR       +....                  (boots currently unavailable)
Stlth    ++........             (no amulet)
HPRegen  0.17/turn              m - ring of protection from magic
MPRegen  0.14/turn              (no ring)

@: mighty, lethally poisoned (0 -> -12), spider-form, hasted, very quick
A: distributed training, strong 1, evolution 1, strong nose
a: End Transformation


You were on level 6 of the Dungeon.
You were not hungry.
You were a venomous arachnid creature.
You visited 1 branch of the dungeon, and saw 6 of its levels.

You collected 28 gold pieces.

Inventory:

Hand Weapons
 k - a +3 quarterstaff of chaos
   (You took it off Crazy Yiuf on level 2 of the Dungeon)
Missiles
 a - 37 arrows
 q - 7 javelins (quivered)
Armour
 b - a +0 robe
 h - a +0 pair of boots (melded)
 B - a +2 leather armour of fire resistance (melded)
   (You took it off a gnoll shaman on level 6 of the Dungeon)
 C - a +0 cloak (melded)
Jewellery
 m - a ring of protection from magic (left front leg)
   (You found it on level 2 of the Dungeon)
Scrolls
 i - a scroll of identify {unknown}
 j - a scroll of amnesia {unknown}
 l - a scroll of random uselessness {unknown}
 o - a scroll of teleportation {unknown}
 r - 3 scrolls of remove curse
 t - a scroll of recharging {unknown}
Potions
 g - a potion of haste
 n - a potion of degeneration {unknown}
 s - a potion of mutation {!q}
 u - a potion of berserk rage {unknown}
Books
 c - a book of Changes

   Spells                             Type                      Level
   a - Beastly Appendage              Transmutation                1
   b - Sticks to Snakes               Transmutation                2
   c - Spider Form                    Transmutation/Poison         3
   d - Ice Form                       Ice/Transmutation            4
   e - Blade Hands                    Transmutation                5
Comestibles
 d - a bread ration
 f - 2 meat rations
 p - a chunk of flesh


   Skills:
 + Level 3.5 Fighting
 + Level 2.3 Short Blades
 + Level 2.3 Long Blades
 + Level 2.3 Axes
 + Level 2.3 Maces & Flails
 + Level 2.3 Polearms
 + Level 2.3 Staves
 + Level 2.3 Slings
 + Level 2.3 Bows
 + Level 2.3 Crossbows
 + Level 2.3 Throwing
 + Level 2.3 Armour
 + Level 5.2 Dodging
 + Level 2.3 Stealth
 + Level 2.3 Shields
 + Level 7.0 Unarmed Combat
 + Level 5.5 Spellcasting
 + Level 2.3 Conjurations
 + Level 2.3 Hexes
 + Level 2.3 Charms
 + Level 2.3 Summonings
 + Level 2.3 Necromancy
 + Level 2.3 Translocations
 + Level 5.2 Transmutations
 + Level 2.3 Fire Magic
 + Level 2.3 Ice Magic
 + Level 2.3 Air Magic
 + Level 2.3 Earth Magic
 + Level 2.3 Poison Magic
 + Level 2.3 Invocations
 + Level 2.3 Evocations


You had 11 spell levels left.
You knew the following spells:

 Your Spells              Type           Power        Failure   Level  Hunger
e - Beastly Appendage     Tmut           ###...       7%          1    None
k - Sticks to Snakes      Tmut           ###.....     9%          2    #......
p - Spider Form           Tmut/Pois      ###.......   22%         3    ##.....


Dungeon Overview and Level Annotations

Branches:
Dungeon (6/15)
 Temple: D:4-7

Altars:

Annotations:
D:2 Natasha


Innate Abilities, Weirdness & Mutations

Your experience applies equally to all skills.
((You have very sharp teeth.))
Your uncanny sense of smell can sniff out nearby items.
((You have a pair of small antennae on your head.))
Your muscles are strong. (Str +2)
You evolve.


Message History

Your adder barely misses the crimson imp.
The crimson imp blinks!
Your ball python misses tidbits's ghost.
Tidbits's ghost casts a spell at you.
The ball explodes into a vile cloud!
The stinking cloud engulfs you!
The stinking cloud engulfs your ball python.
The stinking cloud engulfs tidbits's ghost.
Tidbits's ghost appears unharmed.
The stinking cloud engulfs your ball python.
Your ball python closely misses tidbits's ghost.
Your ball python closely misses tidbits's ghost.
Your adder misses the crimson imp.
Your ball python misses tidbits's ghost.
Tidbits's ghost casts a spell.
Tidbits's ghost blinks!
Really crawl into that cloud of noxious fumes?
Okay, then.
Your adder barely misses the crimson imp.
Your ball python barely misses the crimson imp.
Your ball python grabs the crimson imp.
Your ball python constricts the crimson imp.
Tidbits's ghost gestures wildly while chanting.
The crimson imp shouts, "Bolt, thou pox-marked doghearted erk!"
The crimson imp struggles to escape constriction.
Your adder bites the crimson imp.
Your ball python bites the crimson imp but does no damage.
Your ball python constricts the crimson imp.
Tidbits's ghost casts a spell.
Your adder bites the crimson imp.
Your adder is engulfed in noxious fumes.
Your adder appears confused.
The crimson imp struggles to escape constriction.
Your ball python bites the crimson imp.
Your ball python constricts the crimson imp.
Your ball python misses tidbits's ghost.
Your adder bites the crimson imp.
The crimson imp hits your ball python.
Your ball python releases its grip on the crimson imp.
Your ball python closely misses tidbits's ghost.
You hit tidbits's ghost.
You destroy tidbits's ghost!
The crimson imp disappears in a puff of smoke!
The iron imp disappears in a puff of smoke!
The shadow imp disappears in a puff of smoke!
You have reached level 7!
Your adder is engulfed in noxious fumes.
Your transformation is almost over.
There is a stone staircase leading down here.
Your adder withers and dies!
Your transformation has ended.
Your +0 cloak unmelds from your body.
Your +0 pair of boots unmelds from your body.
Your +2 leather armour of fire resistance unmelds from your body.
You feel resistant to fire.
Your ball python withers and dies!
A scorpion comes into view.
Casting: Sticks to Snakes
Confirm with . or Enter, or press ? or * to list all spells.
You turn into a venomous arachnid creature.
Your +0 cloak melds into your body.
Your +0 pair of boots melds into your body.
Your +2 leather armour of fire resistance melds into your body.
You feel less resistant to fire.
The scorpion is caught in a web!
The scorpion pulls away from the web.
The scorpion barely misses you.
You hit the scorpion but do no damage. The scorpion stings you!
* * * LOW HITPOINT WARNING * * *
You are lethally poisoned!
The scorpion poisons you!
You hit the scorpion but do no damage.
The scorpion is poisoned.
* * * LOW HITPOINT WARNING * * *
You feel sick.
Your adder withers and dies!
The scorpion misses you.
* * * LOW HITPOINT WARNING * * *
You feel sick. The scorpion stings your ball python.
Your ball python dies!
Okay, then.
It was a potion of haste.
You feel yourself speed up.
* * * LOW HITPOINT WARNING * * *
You feel sick.
You hit the scorpion but do no damage.
The scorpion looks as sick as possible!
The scorpion is heavily wounded.
* * * LOW HITPOINT WARNING * * *
You feel sick. The scorpion stings you!
* * * LOW HITPOINT WARNING * * *
You hit the scorpion but do no damage.
The scorpion looks as sick as possible!
The scorpion is almost dead.
* * * LOW HITPOINT WARNING * * *
You feel sick.
You bite the scorpion!
You kill the scorpion!
Your Unarmed Combat skill increases to level 7!
It was a potion of mutation.
You feel extremely strange.
You feel nature experimenting on you.
Don't worry, failures die fast.
You feel stronger. A pair of antennae grows on your head!
* * * LOW HITPOINT WARNING * * *
You feel sick.
It was a potion of might.
You feel very mighty all of a sudden.
You die...

.. # #.###.#.## ####.
.##.###.#.#### #....######
..............
.#.........#####...........
..........#.................
#.##.#.##.#######...#.##....
..... #..# #.....#.....
###.#. ##.## ##....##S...
...#. ##s### #....##.... ###
#. #.†^# #.....##.... ##
####..###...#####. #.###.##
##.. P#### #... ∆ #... ###.
## ∆∆ ∆


There were no monsters in sight!

Vanquished Creatures
  The ghost of tidbits the Thaumaturge, an amateur GnWn of Cheibriados (D:6)
  A scorpion (D:6)
  A crimson imp (D:6)
  A gnoll shaman (D:6)
  A hound (D:4)
  A jelly (D:6)
  Crazy Yiuf (D:2)
  An iguana (D:4)
  7 gnolls
  2 adders (D:2)
  2 oozes
  A worm (D:2)
  2 dart slugs (D:1)
  4 leopard geckos
  3 orcs
  A giant cockroach (D:3)
  3 goblins
  6 hobgoblins (D:1)
  2 jackals (D:2)
  A quokka (D:2)
  A ball python (D:1)
  A frilled lizard (D:3)
  3 kobolds
  4 rats
51 creatures vanquished.

Vanquished Creatures (collateral kills)
  An orc wizard (D:6)
  A leopard gecko skeleton (D:4)
  A rat (D:2)
3 creatures vanquished.

Grand Total: 54 creatures vanquished

Notes
Turn   | Place    | Note
-------+----------+-------------------------------------------
     0 | D:1      | tidbits the Gnoll Transmuter began the quest for the Orb.
     0 | D:1      | Reached XP level 1. HP: 17/17 MP: 6/6
     6 | D:1      | Noticed a crocodile
     6 | D:1      | Noticed a polar bear
     6 | D:1      | Noticed a salamander
   101 | D:1      | Reached XP level 2. HP: 23/23 MP: 5/7
   106 | D:1      | Learned a level 2 spell: Sticks to Snakes
   245 | D:2      | Reached XP level 3. HP: 12/28 MP: 9/9
   256 | D:1      | Learned a level 3 spell: Spider Form
   262 | D:2      | Reached skill level 5 in Spellcasting
   420 | D:1      | Reached skill level 1 in Short Blades
   420 | D:1      | Reached skill level 1 in Long Blades
   420 | D:1      | Reached skill level 1 in Axes
   420 | D:1      | Reached skill level 1 in Maces & Flails
   420 | D:1      | Reached skill level 1 in Polearms
   420 | D:1      | Reached skill level 1 in Staves
   420 | D:1      | Reached skill level 1 in Slings
   420 | D:1      | Reached skill level 1 in Bows
   420 | D:1      | Reached skill level 1 in Crossbows
   420 | D:1      | Reached skill level 1 in Throwing
   420 | D:1      | Reached skill level 1 in Armour
   420 | D:1      | Reached skill level 1 in Stealth
   420 | D:1      | Reached skill level 1 in Shields
   420 | D:1      | Reached skill level 1 in Conjurations
   420 | D:1      | Reached skill level 1 in Hexes
   420 | D:1      | Reached skill level 1 in Charms
   420 | D:1      | Reached skill level 1 in Summonings
   420 | D:1      | Reached skill level 1 in Necromancy
   420 | D:1      | Reached skill level 1 in Translocations
   420 | D:1      | Reached skill level 1 in Fire Magic
   420 | D:1      | Reached skill level 1 in Ice Magic
   420 | D:1      | Reached skill level 1 in Air Magic
   420 | D:1      | Reached skill level 1 in Earth Magic
   420 | D:1      | Reached skill level 1 in Poison Magic
   420 | D:1      | Reached skill level 1 in Invocations
   420 | D:1      | Reached skill level 1 in Evocations
   437 | D:1      | Reached XP level 4. HP: 14/34 MP: 2/11
   450 | D:2      | Noticed Natasha
   556 | D:2      | Found a runed door.
   561 | D:2      | Noticed Crazy Yiuf
   569 | D:2      | Killed Crazy Yiuf
   668 | D:4      | Reached XP level 5. HP: 26/40 MP: 3/12
   724 | D:5      | Entered Level 5 of the Dungeon
   768 | D:5      | Reached skill level 3 in Fighting
   821 | D:6      | Reached XP level 6. HP: 43/47 MP: 2/13
   863 | D:6      | Reached skill level 5 in Dodging
   863 | D:6      | Reached skill level 5 in Transmutations
   911 | D:6      | Reached skill level 2 in Short Blades
   911 | D:6      | Reached skill level 2 in Long Blades
   911 | D:6      | Reached skill level 2 in Axes
   911 | D:6      | Reached skill level 2 in Maces & Flails
   911 | D:6      | Reached skill level 2 in Polearms
   911 | D:6      | Reached skill level 2 in Staves
   911 | D:6      | Reached skill level 2 in Slings
   911 | D:6      | Reached skill level 2 in Bows
   911 | D:6      | Reached skill level 2 in Crossbows
   911 | D:6      | Reached skill level 2 in Throwing
   911 | D:6      | Reached skill level 2 in Armour
   911 | D:6      | Reached skill level 2 in Stealth
   911 | D:6      | Reached skill level 2 in Shields
   911 | D:6      | Reached skill level 2 in Conjurations
   911 | D:6      | Reached skill level 2 in Hexes
   911 | D:6      | Reached skill level 2 in Charms
   911 | D:6      | Reached skill level 2 in Summonings
   911 | D:6      | Reached skill level 2 in Necromancy
   911 | D:6      | Reached skill level 2 in Translocations
   911 | D:6      | Reached skill level 2 in Fire Magic
   911 | D:6      | Reached skill level 2 in Ice Magic
   911 | D:6      | Reached skill level 2 in Air Magic
   911 | D:6      | Reached skill level 2 in Earth Magic
   911 | D:6      | Reached skill level 2 in Poison Magic
   911 | D:6      | Reached skill level 2 in Invocations
   911 | D:6      | Reached skill level 2 in Evocations
   920 | D:6      | Noticed tidbits's ghost (amateur GnWn)
   941 | D:6      | Killed tidbits's ghost
   941 | D:6      | Reached XP level 7. HP: 17/52 MP: 1/15
   976 | D:6      | HP: 2/52 [scorpion (7)]
   978 | D:6      | Reached skill level 7 in Unarmed Combat
   979 | D:6      | Gained mutation: You evolve. [potion of mutation]
   979 | D:6      | Gained mutation: Your muscles are strong. (Str +2) [potion of mutation]
   979 | D:6      | Gained mutation: You have a pair of small antennae on your head. [potion of mutation]
   980 | D:6      | Succumbed to a scorpion's poison

Vault maps used:
D:1:      onia_arrival_zoo_common, minivault_26
D:2:      grunt_ministairs_9, makhleb_heckhound_becter, uniq_crazy_yiuf_cottage,
          uniq_natasha
D:3:      xom_teletrap_fun, first_bread
D:4:      elyvilon_altar_4, nicolae_overflow_hidden_temple, uniq_duvessa
D:5:      minmay_misc_feat_square
D:6:      old_forge, grunt_temple_overflow_magic_moments

Skill      XL: |  1  2  3  4  5  6  7 |
---------------+----------------------+-----
Spellcasting   | 5 |  5.5
Short Blades   | 1 2 |  2.3
Long Blades    | 1 2 |  2.3
Axes           | 1 2 |  2.3
Maces & Flails | 1 2 |  2.3
Polearms       | 1 2 |  2.3
Staves         | 1 2 |  2.3
Slings         | 1 2 |  2.3
Bows           | 1 2 |  2.3
Crossbows      | 1 2 |  2.3
Throwing       | 1 2 |  2.3
Armour         | 1 2 |  2.3
Stealth        | 1 2 |  2.3
Shields        | 1 2 |  2.3
Conjurations   | 1 2 |  2.3
Hexes          | 1 2 |  2.3
Charms         | 1 2 |  2.3
Summonings     | 1 2 |  2.3
Necromancy     | 1 2 |  2.3
Translocations | 1 2 |  2.3
Fire Magic     | 1 2 |  2.3
Ice Magic      | 1 2 |  2.3
Air Magic      | 1 2 |  2.3
Earth Magic    | 1 2 |  2.3
Poison Magic   | 1 2 |  2.3
Invocations    | 1 2 |  2.3
Evocations     | 1 2 |  2.3
Fighting       | 3 |  3.5
Dodging        | 5 |  5.2
Transmutations | 5 |  5.2
Unarmed Combat | 7 |  7.0

Action                   |  1- 3 |  4- 6 |  7- 9 || total
-------------------------+-------+-------+-------++-------
Melee: Unarmed           |    51 |    78 |     5 ||   134
       Headbutt          |     2 |       |       ||     2
       Bite              |     2 |       |       ||     2
       Kick              |     1 |       |       ||     1
 Cast: Beastly Appendage |     7 |       |       ||     7
       Spider Form       |     7 |    11 |     1 ||    19
       Sticks to Snakes  |     1 |     7 |       ||     8
 Abil: End Transformatio |     1 |     2 |       ||     3
  Use: Scroll            |       |     1 |       ||     1
       Potion            |       |       |     3 ||     3
 Stab: Sleeping          |     2 |     1 |       ||     3
  Eat: Chunk             |       |     2 |       ||     2
Armor: Robe              |     4 |     3 |       ||     7
       Skin              |       |     2 |       ||     2
Dodge: Dodged            |    38 |    76 |     2 ||   116

Table legend:
 A = Spawn XP
 B = Non-spawn XP
 C = Spawn XP percentage of total XP
 D = Spawn monster count
 E = Non-spawn monster count
 F = Spawn count percentage of total count
 G = Total turns spent on level
                    A         B        C        D         E        F      G
               +---------+---------+-------+---------+---------+-------+---------
         Total |       0 |     799 |   0.0 |       0 |      54 |   0.0 |   980
               +---------+---------+-------+---------+---------+-------+---------
           D:1 |       0 |      43 |   0.0 |       0 |      19 |   0.0 |   376
           D:2 |       0 |      99 |   0.0 |       0 |      15 |   0.0 |   265
           D:3 |       0 |       3 |   0.0 |       0 |       2 |   0.0 |    16
           D:4 |       0 |      78 |   0.0 |       0 |       3 |   0.0 |    67
           D:5 |       0 |      29 |   0.0 |       0 |       2 |   0.0 |    44
           D:6 |       0 |     547 |   0.0 |       0 |      13 |   0.0 |   212
               +---------+---------+-------+---------+---------+-------+---------

Table legend:
 A = Turns spent in this place as a percentage of turns spent in the entire game.
 B = Non-inter-level travel turns spent in this place as a percentage of non-inter-level travel turns spent in the entire game.
 C = Inter-level travel turns spent in this place as a percentage of turns spent in this place.
 D = Turns resting spent in this place as a percentage of non-inter-level travel turns spent in this place.
 E = Turns spent auto-exploring this place as a percentage of non-inter-level travel turns spent in this place.
 F = Non-inter-level travel turns spent in this place divided by the number of levels of this place that you've seen.
                   A       B       C       D       E      F
               +-------+-------+-------+-------+-------+----------------------
         Total | 100.0 | 100.0 |   1.4 |   0.0 |   0.0 | 161.0
       Dungeon | 100.0 | 100.0 |   1.4 |   0.0 |   0.0 | 161.0
               +-------+-------+-------+-------+-------+----------------------

Table legend:
 A = Kills in this place as a percentage of kills in entire the game.
 B = Kills by you in this place as a percentage of kills by you in the entire game.
 C = Kills by friends in this place as a percentage of kills by friends in the entire game.
 D = Other kills in this place as a percentage of other kills in the entire game.
 E = Experience gained in this place as a percentage of experience gained in the entire game.
 F = Experience gained in this place divided by the number of levels of this place that you have seen.
                   A       B       C       D       E      F
               +-------+-------+-------+-------+-------+----------------------
         Total | 100.0 | 100.0 | 100.0 |   N/A | 100.0 | 133.2
       Dungeon | 100.0 | 100.0 | 100.0 |   N/A | 100.0 | 133.2
               +-------+-------+-------+-------+-------+----------------------

Vault maps used:
D:1:      onia_arrival_zoo_common, minivault_26
D:2:      grunt_ministairs_9, makhleb_heckhound_becter, uniq_crazy_yiuf_cottage,
          uniq_natasha
D:3:      xom_teletrap_fun, first_bread
D:4:      elyvilon_altar_4, nicolae_overflow_hidden_temple, uniq_duvessa
D:5:      minmay_misc_feat_square
D:6:      old_forge, grunt_temple_overflow_magic_moments
